 Dungeon Crawl Stone Soup version 0.31-a0-544-gceb718ecc6 (webtiles) character file.

Game seed: 12117249177735886053

443 RepHenryClay the Stinger (level 6, -4/32 HPs)
             Began as a Deep Elf Venom Mage on Aug 16, 2023.
             Slain by an ogre
             ... wielding a +0 giant club
              (12 damage)
             ... on level 4 of the Dungeon.
             The game lasted 00:07:26 (3772 turns).

RepHenryClay the Stinger (Deep Elf Venom Mage)      Turns: 3772, Time: 00:07:27

Health: -4/32      AC:  5    Str:  5    XL:     6   Next: 71%
Magic:  2/12       EV: 13    Int: 22    God:
Gold:   335        SH:  0    Dex: 19    Spells: 1/11 levels left

rFire   + . .        k - +8 long sword of Frustration {venom, *Slow rF+ Dex+4}
rCold   . . .        (no shield)
rNeg    . . .        a - +0 robe
rPois   .            (no helmet)
rElec   .            (no cloak)
rCorr   .            h - +2 pair of gloves
SInv    .            (no boots)
Will    .....        (no amulet)
Stlth   ++           (no ring)
HPRegen 0.25/turn    (no ring)
MPRegen 0.13/turn

%: slow self (1%)
@: no status effects
A: no striking features
a: no special abilities


You were on level 4 of the Dungeon.
You visited 1 branch of the dungeon, and saw 4 of its levels.

You collected 335 gold pieces.

Inventory:

Hand Weapons
 j - a +1 whip of electrocution
 k - the +8 long sword of Frustration (weapon) {venom, *Slow rF+ Dex+4}
   (You found it on level 3 of the Dungeon)

   Dex+4:     It affects your dexterity (+4).
   rF+:       It protects you from fire.
   *Slow:     It may slow you when you take damage.
Armour
 a - a +0 robe (worn)
 h - a +2 pair of gloves (worn)
Wands
 n - a wand of flame (5)
 p - a wand of acid (11)
Scrolls
 c - a scroll of poison {unknown}
 i - 2 scrolls of identify {unknown}
 m - 3 scrolls of noise {unknown}
 o - a scroll of silence {unknown}
Potions
 b - a potion of magic
 d - 4 potions of brilliance {unknown}
 e - a potion of degeneration {unknown}
 f - a potion of lignification {unknown}
 g - a potion of heal wounds {unknown}
 l - a potion of enlightenment {unknown}


   Skills:
 + Level 2.8 Dodging
 - Level 2.6 Stealth
 + Level 3.3 Spellcasting
 - Level 1.3 Transmutations
 - Level 3.0 Air Magic
 + Level 7.2 Poison Magic


You had one spell level left.
You knew the following spells:

 Your Spells              Type           Power      Damage    Failure   Level
a - Sting                 Tmut/Pois      88%        1d7       1%          1
b - Poisonous Vapours     Pois/Air       52%        N/A       2%          2
c - Mephitic Cloud        Conj/Pois/Air  18%        N/A       9%          3
d - Olgreb's Toxic Radia  Pois           35%        N/A       6%          4

Your spell library contained the following spells:

 Spells                   Type           Power      Damage    Failure   Level


Dungeon Overview and Level Annotations

Branches:
Dungeon (4/15)
 Temple: D:4-7

Altars:
Dithmenos


Message History

Poisonous vapours surround the ogre!
The ogre is poisoned.
The endoplasm barely misses you.
Casting: Poisonous Vapours (safe; 2% risk of failure)
Confirm with . or Enter, or press ? or * to list all spells.
Aiming: Poisonous Vapours (safe; 2% risk of failure)
Press: ? - help, Dir - move target, f/p - ogre
Aim: an ogre, wielding a +0 giant club (lightly wounded, very poisoned) Poisonous vapours surround the ogre!
The ogre looks even sicker.
The endoplasm barely misses you.
Casting: Poisonous Vapours (safe; 2% risk of failure)
Confirm with . or Enter, or press ? or * to list all spells.
Aiming: Sting (safe; 1% risk of failure)
Press: ? - help, Shift-Dir - straight line, f/p - ogre
Aim: an ogre, wielding a +0 giant club (lightly wounded, very poisoned, 89% to hit)
The sting hits the ogre.
The ogre looks as sick as possible!
The ogre is moderately wounded.
The endoplasm freezes you.
You are frozen.
Damage: -6%(-2hp) hp: 94%(30hp)
Casting: Sting (safe; 1% risk of failure)
Confirm with . or Enter, or press ? or * to list all spells.
Aiming: Sting (safe; 1% risk of failure)
Press: ? - help, Shift-Dir - straight line, f/p - ogre
Aim: an ogre, wielding a +0 giant club (moderately wounded, extremely poisoned, 89% to hit)
The sting misses the ogre.
The endoplasm hits you but does no damage.
Casting: Sting (safe; 1% risk of failure)
Confirm with . or Enter, or press ? or * to list all spells.
Aiming: Mephitic Cloud (quite dangerous; 9% risk of failure)
Press: ? - help, Shift-Dir - straight line, p - ogre The ball explodes into a vile cloud!
The stinking cloud engulfs the ogre but does no damage.
The ogre is heavily wounded.
The endoplasm hits you.
The ogre hits you with a +0 giant club!!
Ouch! That really hurt!
* * * LOW HITPOINT WARNING * * *
Huge Dmg: -72%(-23hp) hp: 25%(8hp)
The ogre attacks as you move away! The ogre hits you with a +0 giant club!
You die...

#.....# ###.#.#.## #
#........# #
######.#.#.#..### ##
#...............# #.
#>..........○.# # #.
####.####.###.#.○#.###.
#.
#.........##...O○......
##
#.##.........#.@J......
#
#.##..######......####.
# #.##..# ##........ #.
#
#.##..####.............
##< #
#..........####..#####.
...~# #.#......... ...#
..~g #.#)..###### #...
##~~ #.........# #..(
#~~≈ ###.......# #~~≈


You could see an ogre (extremely poisoned) and an endoplasm.

Vanquished Creatures
  A kobold brigand (D:4)
  A scorpion (D:3)
  A howler monkey (D:4)
  An orc priest (D:3)
  2 hounds
  Jessica (D:3)
  Terence (D:2)
  A gnoll (D:3)
  4 adders
  A worm (D:3)
  3 dart slugs
  3 orcs
  7 ball pythons
  5 bats
  4 endoplasms
  6 giant cockroaches
  5 goblins
  7 hobgoblins
  4 jackals (D:2)
  5 quokkas
  2 frilled lizards
  14 kobolds
  11 rats
90 creatures vanquished.

Notes
Turn   | Place    | Note
-------+----------+-------------------------------------------
     0 | D:1      | RepHenryClay the Deep Elf Venom Mage began the quest for
                  | the Orb.
     0 | D:1      | Reached XP level 1. HP: 10/10 MP: 6/6
   303 | D:1      | Reached XP level 2. HP: 15/15 MP: 6/8
   329 | D:1      | Learned a level 2 spell: Poisonous Vapours
   814 | D:1      | Reached skill level 4 in Poison Magic
  1061 | D:2      | Noticed Terence
  1098 | D:2      | Killed Terence
  1099 | D:2      | Reached XP level 3. HP: 19/19 MP: 0/9
  1312 | D:2      | Reached skill level 5 in Poison Magic
  1472 | D:2      | Reached XP level 4. HP: 24/24 MP: 8/10
  2202 | D:2      | Learned a level 3 spell: Mephitic Cloud
  2346 | D:3      | Noticed a scorpion
  2349 | D:3      | Reached skill level 1 in Air Magic
  2358 | D:3      | Reached XP level 5. HP: 27/28 MP: 3/11
  2491 | D:3      | Learned a level 4 spell: Olgreb's Toxic Radiance
  2501 | D:3      | Found a shadowy altar of Dithmenos.
  2554 | D:3      | Identified the +8 long sword of Frustration {venom, *Slow
                  | rF+ Dex+4}
  2834 | D:3      | Reached skill level 6 in Poison Magic
  3092 | D:3      | Noticed Jessica
  3098 | D:3      | Killed Jessica
  3099 | D:3      | Reached XP level 6. HP: 32/32 MP: 4/12
  3557 | D:4      | Reached skill level 7 in Poison Magic
  3772 | D:4      | Slain by an ogre

Illustrated notes

Levels and vault maps discovered:
D:1:      minmay_arrival_doors, layout_rooms, hex_medium, st_stairs_14,
          chequers_serial_rivers_room_b, chequers_garden, dk_noncrumbling_2,
          minmay_misc_feat_diagonals
D:2:      layout_loops_ring, uniq_terence
D:3:      minmay_chambers_of_twos, layout_basic,
          nicolae_dithmenos_through_a_glass_darkly, uniq_jessica
D:4:      cheibrodos_thug_alley, layout_loops_ring

Skill      XL: |  1  2  3  4  5  6 |
---------------+-------------------+-----
Poison Magic   | 4 5 6 7 |  7.2
Air Magic      | 1 3 |  3.0
Dodging        | |  2.8
Stealth        | |  2.6
Spellcasting   | |  3.3
Transmutations | |  1.3

Action                     |  1- 3 |  4- 6 || total
---------------------------+-------+-------++-------
  Melee: Unarmed           |    21 |     2 ||    23
         Long sword        |       |    47 ||    47
         Punch             |       |     1 ||     1
   Cast: Sting             |    56 |    58 ||   114
         Poisonous Vapours |     3 |    21 ||    24
         Mephitic Cloud    |       |     1 ||     1
   Stab: Sleeping          |     1 |     3 ||     4
 Armour: Robe              |     7 |    22 ||    29
  Dodge: Dodged            |    43 |    45 ||    88

Table legend: (Time is in decaauts)
 A = Elapsed time spent in this place.
 B = Non-inter-level travel time spent in this place.
 C = Inter-level travel time spent in this place.
 D = Time resting spent in this place.
 E = Time spent auto-exploring this place.
 F = Levels seen in this place.
 G = Mean time per level.
                   A        B        C        D        E       F      G
               +--------+--------+--------+--------+--------+-----+--------+
         Total |   3794 |   3743 |     51 |     77 |   3078 |   4 |  948.5 |
       Dungeon |   3794 |   3743 |     51 |     77 |   3078 |   4 |  948.5 |
               +--------+--------+--------+--------+--------+-----+--------+

Top non-repeatable levels by time:
     D:2: 1185 daAuts
     D:3: 1079 daAuts
     D:1: 961 daAuts
     D:4: 568 daAuts
